← All builds
Tech / Armada / Economy first / OBSERVED BUILD

Standard tech

Armada Tech (Eco) build order · Supreme Isthmus

Rushes T2 by 4:15, gets Advanced Metal Extractor around 5:28, hands off T2 constructors to Geo and the team, then scales eco and supplies the team's T2 needs through the rest of the game.

Usually first T2 con to Geo (83%)

#eco #t2 #team support · 1602 distinct matches · 255 players · 60% of Armada Tech games · team won 53% of 1912 · Recently observed

HOW TO PLAY IT

Key timing: T2 factory by 4:15

  1. Open 3 mex and heavy wind to fund a fast T2 rush.
  2. Put down Bot Lab, planning to eat it for reclaim soon after.
  3. Get Advanced Bot Lab up, hitting the T2 factory rush timing.
  4. Upgrade mex to Advanced Metal Extractor to lock in team metal income.
  5. Eat Advanced Bot Lab and keep sending cons to Geo and Pond.

Phase by phase

TYPICAL OF ITS 1602 GAMES
  1. 1
  2. 2
  3. 3
  4. 4
PLAY THE OPENING

Follow the example game's first 6:00 step by step: what to build now, what comes next, and where it goes. At 1× it keeps pace with your own game.

  1. 1

    Up to the Bot Lab

    Economy
    • Metal Extractor3Mex
    • Wind Turbine4Wind
    Order
    1. Bot LabBot Lab after 3 mex, 4 winddone ~1:18, middle half 1:13–1:32

    Some games also: energy storage (31%)

    By 1:01 in all: 3 mex · 4 wind

    The example game in this phase · 3 steps
    1. Mex ×3
    2. Wind ×3
    3. Bot LabBot Labdone 1:10 · typical 1:18
  2. 2

    Bot Lab to Advanced Bot Lab

    Economy
    • Metal Extractor1Mex
    • Wind Turbine8Wind
    • Energy Storage1Energy storage
    Order
    1. Advanced Bot LabAdvanced Bot Lab after 4 mex, 12 wind, 3 con turretdone ~4:16, middle half 4:04–4:30
    Builders
    • Construction Turret3 Con turret
    • Lazarus3 Lazarus
    • Construction Bot2 Con bot
    • Construction Bot1 Con bot for allies

    Some games also: converter (36%)

    By 3:18 in all: 4 mex · 12 wind · 1 energy storage · 3 con turret

    The example game in this phase · 16 steps
    1. Wind
    2. Construction BotCon bot
    3. Wind
    4. LazarusLazarus
    5. Wind ×3
    6. LazarusLazarus
    7. Wind
    8. Mex
    9. Construction BotCon botfor Air
    10. Energy storage
    11. Wind
    12. Con turret
    13. Wind
    14. Con turret
    15. Converter ×2
    16. Advanced Bot LabAdvanced Bot Labdone 4:05 · typical 4:16
  3. 3

    Advanced Bot Lab to 5:00

    Economy
    • Wind Turbine3Wind
    Order
    1. Bot LabEat Bot Lab
    Builders
    • Advanced Construction Bot1 T2 con bot for allies

    Some games also: converter (35%)

    By 5:00 in all: 4 mex · 15 wind · 1 converter · 1 energy storage · 3 con turret

    The example game in this phase · 4 steps
    1. Wind ×2
    2. Bot LabEat Bot Labreclaimed for its metal
    3. Advanced Construction BotT2 con botfor Geo sea
    4. Advanced Metal ExtractorT2 mex ×2done 4:47 · typical 5:29
  4. 4

    5:00 to 10:00

    Economy
    • Wind Turbine43Wind
    • Energy Converter6Converter
    Builders
    • Butler9 Butler
    • Advanced Construction Bot4 T2 con bot for allies
    • Advanced Construction Bot1 T2 con bot

    Some games also: con turret (43%) · Butler for allies (37%)

    By 10:00 in all: 4 mex · 58 wind · 8 converter · 1 energy storage · 3 con turret

    The example game in this phase · 187 steps
    1. Advanced Metal ExtractorT2 mex
    2. Advanced Construction BotT2 con bot ×2
    3. ButlerButler
    4. Wind ×3
    5. Advanced Construction BotT2 con botfor Air
    6. Advanced Metal ExtractorT2 mex
    7. Wind ×2
    8. Advanced Construction BotT2 con botfor Pond
    9. Wind ×3
    10. ButlerButler
    11. Wind
    12. ButlerButler
    13. Wind
    14. ButlerButler
    15. Wind ×4
    16. ButlerButler
    17. Wind
    18. ButlerButler
    19. Wind
    20. ButlerButler
    21. Wind ×2
    22. ButlerButler
    23. Wind ×2
    24. ButlerButler
    25. Wind ×4
    26. ButlerButlerfor Beach sea
    27. Wind ×4
    28. ButlerButler
    29. Advanced Construction BotT2 con botfor Beach sea
    30. Wind ×6
    31. ButlerButler
    32. Wind ×3
    33. Converter
    34. Wind ×2
    35. ButlerButlerfor Geo sea
    36. Wind
    37. Converter
    38. Wind ×3
    39. ButlerButler
    40. Wind ×3
    41. Converter
    42. Wind
    43. ButlerButlerfor Geo sea
    44. Wind ×3
    45. Converter
    46. Wind
    47. ButlerButlerfor Geo sea
    48. Wind ×4
    49. Converter
    50. ButlerButler
    51. Wind ×4
    52. Converter
    53. Advanced Construction BotT2 con bot
    54. Wind ×5
    55. Converter
    56. Wind ×3
    57. Converter
    58. Wind ×3
    59. Converter
    60. Wind ×2
    61. Converter
    62. Wind
    63. Converter
    64. Wind
    65. Advanced Construction BotT2 con bot
    66. ButlerButler
    67. Converter
    68. Wind ×2
    69. Converter
    70. ButlerButler
    71. Wind ×2
    72. Converter
    73. Wind ×3
    74. Converter ×2
    75. Wind ×3
    76. Converter
    77. Wind ×3
    78. Converter
    79. Wind ×3
    80. Converter
    81. Wind ×3
    82. Converter
    83. Wind ×2
    84. Converter
    85. Wind
    86. Con turret
    87. Wind
    88. Converter
    89. Wind ×2
    90. Converter
    91. Wind ×3
    92. Converter
    93. Wind ×3
    94. Con turret
    95. Converter
    96. Wind ×2
    97. Converter
    98. Wind ×2
    99. Converter
    100. Wind ×2
    101. Con turret
    102. Wind
    103. Converter
    104. Wind ×4
    105. Converter
    106. Wind ×2
    107. Converter
    108. UmbrellaAnti-nukedone 11:29
    109. Wind ×5
    110. Converter
    111. Wind
    112. Converter
    113. Wind ×4
    114. Converter
    115. Wind ×2
    116. Converter
    117. Wind ×4
    118. Converter
    119. Wind ×3
    120. Converter
    121. Wind
    122. Converter
    123. Wind ×5
    124. Converter
    125. Wind ×2
    126. Converter
    127. Wind ×5
    128. Converter
    129. Wind ×2
    130. Converter
    131. Wind ×5
    132. Converter
    133. Wind ×3
    134. Converter
    135. Wind ×2
    136. Converter
    137. Wind ×5
    138. Converter ×2
    139. Wind ×6
    140. Converter
    141. Wind
    142. Converter
    143. Wind
    144. FatboyFatboydone 12:17
    145. Wind ×3
    146. Converter
    147. Wind ×2
    148. Converter
    149. Wind ×3
    150. Converter
    151. Wind ×4
    152. Converter
    153. Wind
    154. Converter
    155. Wind ×6
    156. Converter ×2
    157. Wind ×4
    158. Converter
    159. Wind ×3
    160. Converter
    161. Wind ×2
    162. Converter
    163. Wind ×5
    164. Converter ×2
    165. Wind ×2
    166. Fusion ReactorFusiondone 13:09
    167. Wind ×2
    168. Metal storage
    169. Wind ×2
    170. Converter
    171. Wind
    172. Converter ×9
    173. Advanced Bot LabEat Advanced Bot Labreclaimed for its metal
    174. Converter ×2
    175. Fusion ReactorFusion
    176. Con turret ×2
    177. Converter ×5
    178. Advanced Fusion ReactorAdvanced Fusion Reactornot finished by 15:00
    179. Converter ×3
    180. Con turret
    181. Converter ×2
    182. Con turret
    183. Converter
    184. Con turret
    185. Converter
    186. Con turret ×3
    187. Converter ×8

Counts are medians over the build's games: half of them build more, half fewer. The example game is ITz_Sifu's (35 OS, 08/10/2026); pick another.

Team trades

IN AT LEAST 30% OF ITS GAMES

You hand over

  • Construction Bot1 Con bot to Airfirst at 2:23 · in 84% of games
  • Advanced Construction Bot5 T2 con bot to Air or Geo sea or Pondfirst at 4:50 · in 99% of games
  • Butler2 Butler to Geo sea or Beach sea or Pondfirst at 9:06 · in 42% of games

You get

  • Hercules1 Light transport from Airfirst at 4:01 · in 86% of games

How it plays out

Typical game of this build, running totals by minute

Metal produced

020k40k
0:005:0010:0015:00

metal

Enemy metal destroyed

050100150
0:005:0010:0015:00

metal

Own metal lost

050100150
0:005:0010:0015:00

metal

1912 games.

Show as table
ByMetal produced: This buildEnemy metal destroyed: This buildOwn metal lost: This build
1:0038300
2:0091500
3:00165200
4:00314400
5:00484800
6:00579900
7:00722700
8:00906500
9:001118000
10:001352000
11:001624200
12:001965200
13:002343000
14:0027286074
15:0031503108130
WHAT THE NUMBERS SAY

Standard Tech play barely fights at all early, instead pouring metal into T2 infrastructure and constructors for the team.

  • + Metal produced hits 31679 by 15:00, by far the highest of any role here.
  • + T2 factory reached in 97% of games by 4:15, fastest and most reliable T2 timing.
  • − Enemy metal destroyed stays at 0 through 10:00, no early offense at all.
  • − Own metal lost also near 0, showing total avoidance of combat risk.
THE EXAMPLE YOU ARE READING

ITz_Sifu

34.7 OS · 08/10/2026

Open source match ↗

2 received units
2219 metal received · 16117 energy received

Allied construction assistance is unknown. Timings are observations, not a promise of solo reproducibility.

Typical milestones

Bot Lab1:18Middle 50%: 1:13–1:32 · n=1912
Advanced Bot Lab4:16Middle 50%: 4:04–4:30 · n=1905
Advanced Metal Extractor5:29Middle 50%: 5:05–5:59 · n=1908

Played most by

Amrissa97games of this buildTheGeneraI70games of this buildAdeus57games of this buildEl_Turco55games of this buildKOT_44games of this build